 Dungeon Crawl Stone Soup version bcrawl-1.21.3 (webtiles) character file.

Game seed: 17050962449608166816

42 Anathary the Firebug (level 3, 0/24 HPs)
             Began as a Demonspawn Fire Elementalist on Apr 4, 2020.
             Slain by Terence
             ... wielding a +0 mace
              (3 damage)
             ... on level 2 of the Dungeon.
             The game lasted 00:09:49 (1670 turns).

Anathary the Firebug (Demonspawn Fire Elementalist) Turns: 1670, Time: 00:09:50

Health: 0/24       AC:  2    Str:  8    XL:     3   Next: 33%
Magic:  1/6        EV: 13    Int: 17    God:
Gold:   129        SH:  0    Dex: 15    Spells: 5/6 levels left

rFire    . . .     SeeInvis .   g - +3 short sword
rCold    . . .     Gourm    .   (no shield)
rNeg     . . .     Faith    .   a - +0 robe
rPois    .         Spirit   .   (no helmet)
rElec    .         Reflect  .   (no cloak)
rCorr    .         Harm     .   (no gloves)
MR       .....                  (no boots)
Stlth    +++.......             (no amulet)
HPRegen  0.08/turn              (no ring)
MPRegen  0.10/turn              (no ring)

@: no status effects
A: thin skeletal structure 1, demonic guardian 1
a: no special abilities


You were on level 2 of the Dungeon.
You were not hungry.

You visited 1 branch of the dungeon, and saw 2 of its levels.

You collected 129 gold pieces.

Inventory:

Hand Weapons
 g - a +3 short sword (weapon)
Missiles
 c - 472 stones (quivered)
Armour
 a - a +0 robe (worn)
Scrolls
 d - a scroll of enchant weapon {unknown}
Potions
 b - a potion of heal wounds {unknown}
 f - a potion of magic {unknown}
Comestibles
 e - 2 rations {!d}


   Skills:
 - Level 2.3 Dodging
 - Level 2.0 Stealth
 + Level 2.2 Spellcasting
 + Level 1.3 Conjurations
 + Level 3.4 Fire Magic


You had 5 spell levels left.
You knew the following spells:

 Your Spells              Type           Power        Failure   Level  Hunger
a - Flame Tongue          Conj/Fire      ##...        7%          1    #......

Your spell library contained the following spells:

 Spells                   Type           Power        Failure   Level  Hunger
 Flaming Arrows           Chrm/Fire      #.......     14%         2    ###....
 Conjure Flame            Conj/Fire      ##......     22%         3    ###....
 Poisonous Vapours        Pois/Air       #.....       28%         2    ###....
 Inner Flame              Hex/Fire       N/A          28%         3    ###....
 Mephitic Cloud           Conj/Pois/Air  #.......     43%         3    ###....
 Sticky Flame             Conj/Fire      ##......     56%         4    #####..
 Fireball                 Conj/Fire      ##........   89%         5    ######.
 Freezing Cloud           Ice/Air        #.........   100%        6    #######
 Steam Barrier            Chrm/Fire      #.........   100%        6    #######


Dungeon Overview and Level Annotations

Branches:
Dungeon (2/12)

Altars:

Annotations:
D:2 Terence


Innate Abilities, Weirdness & Mutations

You have a somewhat thin skeletal structure. (Dex +2, Stealth)
A weak demonic guardian rushes to your aid.


Message History

Terence hits you but does no damage. The hobgoblin hits you with a +0 club.
You hit Terence but do no damage.
Terence is moderately wounded.
Terence barely misses you. The hobgoblin hits you with a +0 club.
You hit Terence but do no damage.
Terence is moderately wounded.
Terence barely misses you. The hobgoblin completely misses you.
You closely miss Terence.
Terence is moderately wounded.
The hobgoblin hits you with a +0 club. Terence hits you with a +0 mace.
* * * LOW HITPOINT WARNING * * *
You closely miss Terence.
Terence is moderately wounded.
The hobgoblin barely misses you. Terence misses you.
You barely miss Terence.
Terence is moderately wounded.
The hobgoblin hits you with a +0 club.
* * * LOW HITPOINT WARNING * * *
Terence hits you with a +0 mace.
You die...

#.>.....#
###..##.###
#.........
##.#....###
#......$...
#..#.##.!g.
#....# ....
#..#.# ###
#.5@@#
##.#g...#
#......#
###.#### ##


You could see Terence, a hobgoblin and a friendly shadow imp.

Vanquished Creatures
  An ooze (D:2)
  4 leopard geckos (D:1)
  2 bats (D:1)
  A giant cockroach (D:2)
  4 goblins (D:1)
  7 hobgoblins
  A quokka (D:2)
  A ball python (D:1)
  A frilled lizard (D:1)
  5 kobolds
  A rat (D:2)
28 creatures vanquished.

Notes
Turn   | Place    | Note
-------+----------+-------------------------------------------
     0 | D:1      | Anathary the Demonspawn Fire Elementalist began the quest
                  | for the Orb.
     0 | D:1      | Reached XP level 1. HP: 13/13 MP: 3/3
   201 | D:1      | Gained mutation: You have a somewhat thin skeletal
                  | structure. (Dex +2, Stealth) [demonic ancestry]
   201 | D:1      | Reached XP level 2. HP: 19/19 MP: 0/5
   464 | D:1      | Reached skill level 3 in Fire Magic
   937 | D:1      | Gained mutation: A weak demonic guardian rushes to your
                  | aid. [demonic ancestry]
   937 | D:1      | Reached XP level 3. HP: 24/24 MP: 2/6
  1655 | D:2      | Noticed Terence
  1670 | D:2      | Slain by Terence

Skill      XL: |  1  2 |
---------------+-------+-----
Dodging        | 2 |  2.3
Fire Magic     | 3 |  3.4
Stealth        | |  2.0
Spellcasting   | |  2.2
Conjurations   | |  1.3

Action                   || total
-------------------------++-------
Melee: Unarmed           ||    98
       Short sword       ||    20
 Cast: Flame Tongue      ||    49
  Eat: Ration            ||     1
Armor: Robe              ||     2
Dodge: Dodged            ||    23
